 Dungeon Crawl Stone Soup version 0.18-a0-1643-gb89d9db (webtiles) character file.

105 Magnus the Vexing (level 4, -1/28 HPs)
             Began as a High Elf Arcane Marksman on Mar 28, 2016.
             Slain by a quokka (5 damage)
             ... on level 3 of the Dungeon.
             The game lasted 00:13:32 (2325 turns).

Magnus the Vexing (High Elf Arcane Marksman)        Turns: 2325, Time: 00:13:32

Health: -1/28      AC:  2    Str: 11    XL:     4   Next: 53%
Magic:  8/8        EV: 10    Int: 16    God:
Gold:   118        SH:  7    Dex: 15    Spells: 1 memorised, 6 levels left

rFire  . . .     SeeInvis .     a - +0 hand crossbow
rCold  . . .     Gourm    .     b - +0 robe
rNeg   . . .     Faith    .     m - +0 shield
rPois  .         Spirit   .     (no helmet)
rElec  .         Dismiss  .     (no cloak)
rCorr  .         Reflect  .     (no gloves)
SustAt .         Harm     .     (no boots)
MR     .....                    (no amulet)
Stlth  +.........               (no ring)
                                (no ring)

@: not resistant to hostile enchantments, very unstealthy
A: no striking features
a: no special abilities


You were on level 3 of the Dungeon.
You were hungry.

You visited 1 branch of the dungeon, and saw 3 of its levels.

You collected 118 gold pieces.

Inventory:

Hand Weapons
 a - a +0 hand crossbow (weapon)
 u - a +0 club
Missiles
 d - a bolt (quivered)
 w - 23 arrows
Armour
 b - a +0 robe (worn)
 m - a +0 shield (worn)
 q - a +0 leather armour
 s - a +0 pair of gloves
Jewellery
 t - an uncursed amulet of magic regeneration {unknown}
Scrolls
 g - a scroll of amnesia {unknown}
 h - a scroll of random uselessness {unknown}
 l - a scroll of magic mapping {unknown}
 o - 3 scrolls of noise {unknown}
 p - a scroll of teleportation {unknown}
 r - a scroll of remove curse {unknown}
Potions
 e - 2 potions of curing {unknown}
 j - a potion of lignification {unknown}
 k - a potion of brilliance {unknown}
 n - 2 potions of might {unknown}
Books
 c - a book of Debilitation

   Spells                             Type                      Level
   a - Corona                         Hexes                        1
   b - Slow                           Hexes                        2
   c - Gell's Gravitas                Hexes/Translocation          3
   d - Inner Flame                    Hexes/Fire                   3
   e - Cause Fear                     Hexes                        4
   f - Leda's Liquefaction            Hexes/Earth                  4
Comestibles
 f - a bread ration
 i - 7 fruits
 v - a chunk of flesh


   Skills:
 - Level 1.0 Fighting
 + Level 2.9 Crossbows
 + Level 3.0 Dodging
 + Level 2.2 Spellcasting
 + Level 4.0 Hexes


You had 6 spell levels left.
You knew the following spells:

 Your Spells              Type           Power        Failure   Level  Hunger
a - Corona                Hex            ##.....      28%         1    #......


Dungeon Overview and Level Annotations

Branches:
Dungeon (3/15)

Altars:
Cheibriados
Elyvilon
Gozag
Yredelemnul

Annotations:
D:3 Natasha


Message History

The quokka bites you but does no damage. x2
You barely miss the quokka. The quokka barely misses you. The quokka bites you.
* * * LOW HITPOINT WARNING * * *
a - a +0 hand crossbow (weapon)
Firing (i - inventory):
d - 4 bolts (quivered)
Press: ? - help, Shift-Dir - straight line, f - quokka
Aim: a quokka You shoot a bolt.
The bolt closely misses the quokka.
You block the quokka's attack. x2
Firing (i - inventory):
d - 3 bolts (quivered)
Press: ? - help, Shift-Dir - straight line, f/p - quokka
Aim: a quokka You shoot a bolt.
The bolt hits the quokka but does no damage.
The quokka misses you. You block the quokka's attack.
Firing (i - inventory):
d - 2 bolts (quivered)
Press: ? - help, Shift-Dir - straight line, f/p - quokka
Aim: a quokka You shoot a bolt.
The bolt closely misses the quokka.
The quokka bites you.
You die...

#.......# #!......#
.......# #..†.# ####
#...# #...# #...#
#...# ...###...#
#...#
#.......#######...#
....(.....r@.......#
#########.#####....#
#.# #..>.# #.#
#....# #.# #....#
####.#####....#
#......#...####
#<.......#.#
#....#####.##


You could see a quokka.

Vanquished Creatures
  A gnoll (D:1)
  2 adders (D:2)
  An ooze (D:1)
  4 worms (D:2)
  A giant gecko (D:2)
  A ball python (D:1)
  8 bats
  3 giant cockroaches
  5 goblins
  5 hobgoblins
  6 jackals
  A quokka (D:2)
  5 giant newts
  8 kobolds
  6 rats
57 creatures vanquished.

Vanquished Creatures (others)
  5 toadstools (D:1)
5 creatures vanquished.

Grand Total: 62 creatures vanquished

Notes
Turn   | Place    | Note
--------------------------------------------------------------
     0 | D:1      | Magnus the High Elf Arcane Marksman began the quest for the Orb.
     0 | D:1      | Reached XP level 1. HP: 13/13 MP: 3/3
   219 | D:1      | Reached XP level 2. HP: 18/18 MP: 4/4
   466 | D:1      | Reached XP level 3. HP: 16/23 MP: 6/6
  1047 | D:2      | Found an opulent altar of Gozag.
  1099 | D:2      | Found a snail-covered altar of Cheibriados.
  1275 | D:2      | Reached XP level 4. HP: 20/28 MP: 6/8
  1286 | D:2      | Found a basalt altar of Yredelemnul.
  1700 | D:2      | Found an opulent altar of Gozag.
  1846 | D:2      | Reached skill level 4 in Hexes
  2216 | D:2      | Found a white marble altar of Elyvilon.
  2273 | D:3      | Noticed Natasha
  2325 | D:3      | Slain by a quokka

Vault maps used:
D:1:      ldierk_walled_garden, amethyst_killhole, minmay_close_crescents
D:2:      lemuel_doored_altar, old_standard_altar, yredelemnul_altar_generic,
          lemuel_coloured_pillars_altar, lemuel_statue_altar
D:3:      grunt_temple_overflow_growth_and_decay, makhleb_heckhound_becter,
          minmay_bisected, uniq_natasha

Skill      XL: |  1  2  3  4 |
---------------+-------------+-----
Spellcasting   | 2 |  2.2
Dodging        | 3 |  3.0
Hexes          | 4 |  4.0
Fighting       | |  1.0
Crossbows      | |  2.9

Action                   |  1- 3 |  4- 6 || total
-------------------------+-------+-------++-------
Melee: Hand crossbow     |    18 |       ||    18
       Club              |       |    83 ||    83
 Fire: Hand crossbow     |   120 |    28 ||   148
  Eat: Chunk             |     1 |     3 ||     4
